 Dungeon Crawl Stone Soup version 0.15.2 (webtiles) character file.

303 Heini the Covered (level 6, 0/56 HPs)
             Began as a Minotaur Fighter on Mar 1, 2015.
             Slain by a worker ant (4 damage)
             ... on Level 4 of the Dungeon.
             The game lasted 00:05:36 (2258 turns).

Heini the Covered (Minotaur Fighter)                Turns: 2258, Time: 00:05:37

HP   0/56        AC  7     Str 23      XL: 6   Next: 15%
MP   3/3         EV  9     Int  3 (5)  God:
Gold 159         SH 10     Dex  9      Spells:  0 memorised,  5 levels left

rFire  + . .     SeeInvis .     a - +0 flail
rCold  x . .     Clarity  .     b - +0 scale mail
rNeg   . . .     rCorr    .     c - +1 shield
rPois  .         rRot     .     (helmet restricted)
rElec  .         Spirit   .     (no cloak)
SustAb .         Warding  .     (no gloves)
rMut   .         Stasis   .     (no boots)
Gourm  .                        y - amulet of rage
MR     .....                    x - ring of fire
                                q - +2 ring of evasion

@: not resistant to hostile enchantments, extremely unstealthy
A: retaliatory headbutt, horns 2
a: Evoke Berserk Rage


You were on level 4 of the Dungeon.
You were not hungry.

You visited 1 branch of the dungeon, and saw 4 of its levels.

You collected 159 gold pieces.

Inventory:

Hand weapons
 a - a +0 flail (weapon)
Armour
 b - a +0 scale mail (worn)
 c - a +1 shield (worn)
Magical devices
 k - a wand of enslavement (18) {unknown}
Comestibles
 d - 4 bread rations
 g - 4 fruits
 r - a royal jelly
 t - 2 beef jerkies
 u - a chunk of bat flesh
 z - a rotting chunk of orc flesh
 B - a chunk of giant cockroach flesh
Scrolls
 f - 2 scrolls of remove curse
 i - 2 scrolls of recharging
 n - a scroll of teleportation
 s - a scroll of enchant armour
 A - a scroll of amnesia
 C - a scroll of fog
Jewellery
 q - a +2 ring of evasion (left hand)
 x - a ring of fire (right hand)
 y - an amulet of rage (around neck)
Potions
 e - a potion of might
 h - a potion of brilliance {unknown}
 j - a potion of lignification {unknown}
 l - a potion of curing
 m - 3 potions of restore abilities
 o - a potion of flight
 p - a potion of agility
 w - 2 potions of poison


   Skills:
 * Level 5.4 Fighting
 * Level 4.2 Maces & Flails
 * Level 6.3 Armour
 - Level 3.6 Shields


You had 5 spell levels left.
You didn't know any spells.

Dungeon Overview and Level Annotations

Branches:
Dungeon (4/15)
 Temple: D:4-7

Altars:
Kikubaaqudgha


Innate Abilities, Weirdness & Mutations

You reflexively headbutt those who attack you in melee.
You have a pair of horns on your head.


Message History

The orc wizard gestures at you while chanting.
You resist.
The worker ant bites you but does no damage.
You block the orc wizard's attack.
You completely miss the orc wizard.
The orc wizard is severely wounded.
You block the worker ant's attack.
The orc wizard hits you but does no damage.
You block the worker ant's attack.
The orc wizard hits you but does no damage.
You barely miss the orc wizard. You headbutt the orc wizard.
The orc wizard is almost dead.
You block the worker ant's attack. You block the orc wizard's attack.
You block the worker ant's attack.
You closely miss the orc wizard.
The orc wizard is almost dead.
You block the orc wizard's attack. The orc wizard hits you with a dagger.
* * * LOW HITPOINT WARNING * * *
The worker ant bites you.
You die...

....#.........#.... .
#+####..##..# #...# ...
....##..##..###...##....
....#...#....#..........
....'...#....#?.........
....#...'....+.?[%.......
...###.###..###).)#
...###.###..####a##
.............'..@.#
.............#.o...#
.............#.....#
.............#.....#
.............#.....#
####################


You could see a worker ant and an orc wizard.

Vanquished Creatures
  3 vampire bats (D:3)
  An iguana (D:4)
  5 adders
  2 giant geckos (D:1)
  An ooze (D:2)
  9 orcs
  4 bat skeletons
  3 bat zombies (D:3)
  6 giant cockroaches
  10 goblins
  8 hobgoblins
  4 jackals (D:3)
  8 kobolds
  2 quokkas (D:3)
  A ball python (D:1)
  13 bats
  4 giant newts
  A quokka skeleton (D:4)
  4 rats
89 creatures vanquished.

Notes
Turn   | Place    | Note
--------------------------------------------------------------
     0 | D:1      | Heini, the Minotaur Fighter, began the quest for the Orb.
     0 | D:1      | Reached XP level 1. HP: 19/19 MP: 1/1
   112 | D:1      | Reached skill level 4 in Fighting
   116 | D:1      | Reached XP level 2. HP: 24/27 MP: 1/1
   687 | D:2      | Reached XP level 3. HP: 23/33 MP: 2/2
  1166 | D:2      | Reached XP level 4. HP: 36/41 MP: 2/2
  1170 | D:2      | Reached skill level 5 in Armour
  1397 | D:3      | Found an ancient bone altar of Kikubaaqudgha.
  1401 | D:3      | Reached skill level 5 in Fighting
  1415 | D:3      | Reached XP level 5. HP: 44/48 MP: 2/2
  1480 | D:3      | Reached skill level 6 in Armour
  2099 | D:4      | Reached XP level 6. HP: 50/56 MP: 3/3
  2258 | D:4      | Slain by a worker ant

Action                   |  1- 3 |  4- 6 || total
-------------------------+-------+-------++-------
Melee: Flail             |    80 |   131 ||   211
  Use: Scroll            |     6 |     7 ||    13
       Potion            |       |     2 ||     2
  Eat: Chunk             |     1 |     4 ||     5
